Workbook

Sheet Resumo
A1: Resumo do orçamento anual — Espaço Bela Brisa (fictício)
A2: Ano analisado | B2: ='Parâmetros'!B4
A4: Receita orçada | B4: =IF(COUNTIFS('Orçamento'!$D$5:$D$154,"Receita",'Orçamento'!$I$5:$I$154,'Parâmetros'!$G$4,'Orçamento'!$B$5:$B$154,">="&DATE('Parâmetros'!$B$4,1,1),'Orçamento'!$B$5:$B$154,"<"&DATE('Parâmetros'!$B$4+1,1,1))=0,"",IFERROR(SUMIFS('Orçamento'!$H$5:$H$154,'Orçamento'!$D$5:$D$154,"Receita",'Orçamento'!$I$5:$I$154,'Parâmetros'!$G$4,'Orçamento'!$B$5:$B$154,">="&DATE('Parâmetros'!$B$4,1,1),'Orçamento'!$B$5:$B$154,"<"&DATE('Parâmetros'!$B$4+1,1,1)),0)) | D4: Despesa orçada | E4: =IF(COUNTIFS('Orçamento'!$D$5:$D$154,"Despesa",'Orçamento'!$I$5:$I$154,'Parâmetros'!$G$4,'Orçamento'!$B$5:$B$154,">="&DATE('Parâmetros'!$B$4,1,1),'Orçamento'!$B$5:$B$154,"<"&DATE('Parâmetros'!$B$4+1,1,1))=0,"",IFERROR(SUMIFS('Orçamento'!$H$5:$H$154,'Orçamento'!$D$5:$D$154,"Despesa",'Orçamento'!$I$5:$I$154,'Parâmetros'!$G$4,'Orçamento'!$B$5:$B$154,">="&DATE('Parâmetros'!$B$4,1,1),'Orçamento'!$B$5:$B$154,"<"&DATE('Parâmetros'!$B$4+1,1,1)),0)) | G4: Saldo orçado | H4: =IF(AND(B4="",E4=""),"",IF(B4="",0,B4)-IF(E4="",0,E4))
A6: Receita realizada | B6: =IF(COUNTIFS('Lançamentos'!$D$5:$D$154,"Receita",'Lançamentos'!$I$5:$I$154,'Parâmetros'!$I$4,'Lançamentos'!$B$5:$B$154,">="&DATE('Parâmetros'!$B$4,1,1),'Lançamentos'!$B$5:$B$154,"<"&DATE('Parâmetros'!$B$4+1,1,1))=0,"",IFERROR(SUMIFS('Lançamentos'!$H$5:$H$154,'Lançamentos'!$D$5:$D$154,"Receita",'Lançamentos'!$I$5:$I$154,'Parâmetros'!$I$4,'Lançamentos'!$B$5:$B$154,">="&DATE('Parâmetros'!$B$4,1,1),'Lançamentos'!$B$5:$B$154,"<"&DATE('Parâmetros'!$B$4+1,1,1)),0)) | D6: Despesa realizada | E6: =IF(COUNTIFS('Lançamentos'!$D$5:$D$154,"Despesa",'Lançamentos'!$I$5:$I$154,'Parâmetros'!$I$4,'Lançamentos'!$B$5:$B$154,">="&DATE('Parâmetros'!$B$4,1,1),'Lançamentos'!$B$5:$B$154,"<"&DATE('Parâmetros'!$B$4+1,1,1))=0,"",IFERROR(SUMIFS('Lançamentos'!$H$5:$H$154,'Lançamentos'!$D$5:$D$154,"Despesa",'Lançamentos'!$I$5:$I$154,'Parâmetros'!$I$4,'Lançamentos'!$B$5:$B$154,">="&DATE('Parâmetros'!$B$4,1,1),'Lançamentos'!$B$5:$B$154,"<"&DATE('Parâmetros'!$B$4+1,1,1)),0)) | G6: Saldo realizado | H6: =IF(AND(B6="",E6=""),"",IF(B6="",0,B6)-IF(E6="",0,E6))
A8: Execução da receita | B8: =IFERROR(B6/B4,"") | D8: Execução da despesa | E8: =IFERROR(E6/E4,"") | G8: Desvio do saldo | H8: =IFERROR((H6-H4)/ABS(H4),"")
A11: Mês | B11: Receita orçada | C11: Despesa orçada | D11: Saldo orçado | E11: Receita realizada | F11: Despesa realizada | G11: Saldo realizado | H11: Desvio | I11: Situação
A12: =DATE('Parâmetros'!$B$4,1,1) | B12: =IF(COUNTIFS('Orçamento'!$D$5:$D$154,"Receita",'Orçamento'!$I$5:$I$154,'Parâmetros'!$G$4,'Orçamento'!$B$5:$B$154,">="&A12,'Orçamento'!$B$5:$B$154,"<"&DATE(YEAR(A12),MONTH(A12)+1,1))=0,"",IFERROR(SUMIFS('Orçamento'!$H$5:$H$154,'Orçamento'!$D$5:$D$154,"Receita",'Orçamento'!$I$5:$I$154,'Parâmetros'!$G$4,'Orçamento'!$B$5:$B$154,">="&A12,'Orçamento'!$B$5:$B$154,"<"&DATE(YEAR(A12),MONTH(A12)+1,1)),0)) | C12: =IF(COUNTIFS('Orçamento'!$D$5:$D$154,"Despesa",'Orçamento'!$I$5:$I$154,'Parâmetros'!$G$4,'Orçamento'!$B$5:$B$154,">="&A12,'Orçamento'!$B$5:$B$154,"<"&DATE(YEAR(A12),MONTH(A12)+1,1))=0,"",IFERROR(SUMIFS('Orçamento'!$H$5:$H$154,'Orçamento'!$D$5:$D$154,"Despesa",'Orçamento'!$I$5:$I$154,'Parâmetros'!$G$4,'Orçamento'!$B$5:$B$154,">="&A12,'Orçamento'!$B$5:$B$154,"<"&DATE(YEAR(A12),MONTH(A12)+1,1)),0)) | D12: =IF(AND(B12="",C12=""),"",IF(B12="",0,B12)-IF(C12="",0,C12)) | E12: =IF(COUNTIFS('Lançamentos'!$D$5:$D$154,"Receita",'Lançamentos'!$I$5:$I$154,'Parâmetros'!$I$4,'Lançamentos'!$B$5:$B$154,">="&A12,'Lançamentos'!$B$5:$B$154,"<"&DATE(YEAR(A12),MONTH(A12)+1,1))=0,"",IFERROR(SUMIFS('Lançamentos'!$H$5:$H$154,'Lançamentos'!$D$5:$D$154,"Receita",'Lançamentos'!$I$5:$I$154,'Parâmetros'!$I$4,'Lançamentos'!$B$5:$B$154,">="&A12,'Lançamentos'!$B$5:$B$154,"<"&DATE(YEAR(A12),MONTH(A12)+1,1)),0)) | F12: =IF(COUNTIFS('Lançamentos'!$D$5:$D$154,"Despesa",'Lançamentos'!$I$5:$I$154,'Parâmetros'!$I$4,'Lançamentos'!$B$5:$B$154,">="&A12,'Lançamentos'!$B$5:$B$154,"<"&DATE(YEAR(A12),MONTH(A12)+1,1))=0,"",IFERROR(SUMIFS('Lançamentos'!$H$5:$H$154,'Lançamentos'!$D$5:$D$154,"Despesa",'Lançamentos'!$I$5:$I$154,'Parâmetros'!$I$4,'Lançamentos'!$B$5:$B$154,">="&A12,'Lançamentos'!$B$5:$B$154,"<"&DATE(YEAR(A12),MONTH(A12)+1,1)),0)) | G12: =IF(AND(E12="",F12=""),"",IF(E12="",0,E12)-IF(F12="",0,F12)) | H12: =IF(OR(D12="",D12=0,G12=""),"",IFERROR((G12-D12)/ABS(D12),"")) | I12: =IF(AND(D12="",G12=""),"Sem movimento",IF(OR(D12="",D12=0),"Conferir base orçada",IF(G12="","Sem realizado",IF(ABS(H12)>'Parâmetros'!$B$5,"Conferir desvio","Dentro do limite"))))
A13: =DATE('Parâmetros'!$B$4,2,1) | B13: =IF(COUNTIFS('Orçamento'!$D$5:$D$154,"Receita",'Orçamento'!$I$5:$I$154,'Parâmetros'!$G$4,'Orçamento'!$B$5:$B$154,">="&A13,'Orçamento'!$B$5:$B$154,"<"&DATE(YEAR(A13),MONTH(A13)+1,1))=0,"",IFERROR(SUMIFS('Orçamento'!$H$5:$H$154,'Orçamento'!$D$5:$D$154,"Receita",'Orçamento'!$I$5:$I$154,'Parâmetros'!$G$4,'Orçamento'!$B$5:$B$154,">="&A13,'Orçamento'!$B$5:$B$154,"<"&DATE(YEAR(A13),MONTH(A13)+1,1)),0)) | C13: =IF(COUNTIFS('Orçamento'!$D$5:$D$154,"Despesa",'Orçamento'!$I$5:$I$154,'Parâmetros'!$G$4,'Orçamento'!$B$5:$B$154,">="&A13,'Orçamento'!$B$5:$B$154,"<"&DATE(YEAR(A13),MONTH(A13)+1,1))=0,"",IFERROR(SUMIFS('Orçamento'!$H$5:$H$154,'Orçamento'!$D$5:$D$154,"Despesa",'Orçamento'!$I$5:$I$154,'Parâmetros'!$G$4,'Orçamento'!$B$5:$B$154,">="&A13,'Orçamento'!$B$5:$B$154,"<"&DATE(YEAR(A13),MONTH(A13)+1,1)),0)) | D13: =IF(AND(B13="",C13=""),"",IF(B13="",0,B13)-IF(C13="",0,C13)) | E13: =IF(COUNTIFS('Lançamentos'!$D$5:$D$154,"Receita",'Lançamentos'!$I$5:$I$154,'Parâmetros'!$I$4,'Lançamentos'!$B$5:$B$154,">="&A13,'Lançamentos'!$B$5:$B$154,"<"&DATE(YEAR(A13),MONTH(A13)+1,1))=0,"",IFERROR(SUMIFS('Lançamentos'!$H$5:$H$154,'Lançamentos'!$D$5:$D$154,"Receita",'Lançamentos'!$I$5:$I$154,'Parâmetros'!$I$4,'Lançamentos'!$B$5:$B$154,">="&A13,'Lançamentos'!$B$5:$B$154,"<"&DATE(YEAR(A13),MONTH(A13)+1,1)),0)) | F13: =IF(COUNTIFS('Lançamentos'!$D$5:$D$154,"Despesa",'Lançamentos'!$I$5:$I$154,'Parâmetros'!$I$4,'Lançamentos'!$B$5:$B$154,">="&A13,'Lançamentos'!$B$5:$B$154,"<"&DATE(YEAR(A13),MONTH(A13)+1,1))=0,"",IFERROR(SUMIFS('Lançamentos'!$H$5:$H$154,'Lançamentos'!$D$5:$D$154,"Despesa",'Lançamentos'!$I$5:$I$154,'Parâmetros'!$I$4,'Lançamentos'!$B$5:$B$154,">="&A13,'Lançamentos'!$B$5:$B$154,"<"&DATE(YEAR(A13),MONTH(A13)+1,1)),0)) | G13: =IF(AND(E13="",F13=""),"",IF(E13="",0,E13)-IF(F13="",0,F13)) | H13: =IF(OR(D13="",D13=0,G13=""),"",IFERROR((G13-D13)/ABS(D13),"")) | I13: =IF(AND(D13="",G13=""),"Sem movimento",IF(OR(D13="",D13=0),"Conferir base orçada",IF(G13="","Sem realizado",IF(ABS(H13)>'Parâmetros'!$B$5,"Conferir desvio","Dentro do limite"))))
A14: =DATE('Parâmetros'!$B$4,3,1) | B14: =IF(COUNTIFS('Orçamento'!$D$5:$D$154,"Receita",'Orçamento'!$I$5:$I$154,'Parâmetros'!$G$4,'Orçamento'!$B$5:$B$154,">="&A14,'Orçamento'!$B$5:$B$154,"<"&DATE(YEAR(A14),MONTH(A14)+1,1))=0,"",IFERROR(SUMIFS('Orçamento'!$H$5:$H$154,'Orçamento'!$D$5:$D$154,"Receita",'Orçamento'!$I$5:$I$154,'Parâmetros'!$G$4,'Orçamento'!$B$5:$B$154,">="&A14,'Orçamento'!$B$5:$B$154,"<"&DATE(YEAR(A14),MONTH(A14)+1,1)),0)) | C14: =IF(COUNTIFS('Orçamento'!$D$5:$D$154,"Despesa",'Orçamento'!$I$5:$I$154,'Parâmetros'!$G$4,'Orçamento'!$B$5:$B$154,">="&A14,'Orçamento'!$B$5:$B$154,"<"&DATE(YEAR(A14),MONTH(A14)+1,1))=0,"",IFERROR(SUMIFS('Orçamento'!$H$5:$H$154,'Orçamento'!$D$5:$D$154,"Despesa",'Orçamento'!$I$5:$I$154,'Parâmetros'!$G$4,'Orçamento'!$B$5:$B$154,">="&A14,'Orçamento'!$B$5:$B$154,"<"&DATE(YEAR(A14),MONTH(A14)+1,1)),0)) | D14: =IF(AND(B14="",C14=""),"",IF(B14="",0,B14)-IF(C14="",0,C14)) | E14: =IF(COUNTIFS('Lançamentos'!$D$5:$D$154,"Receita",'Lançamentos'!$I$5:$I$154,'Parâmetros'!$I$4,'Lançamentos'!$B$5:$B$154,">="&A14,'Lançamentos'!$B$5:$B$154,"<"&DATE(YEAR(A14),MONTH(A14)+1,1))=0,"",IFERROR(SUMIFS('Lançamentos'!$H$5:$H$154,'Lançamentos'!$D$5:$D$154,"Receita",'Lançamentos'!$I$5:$I$154,'Parâmetros'!$I$4,'Lançamentos'!$B$5:$B$154,">="&A14,'Lançamentos'!$B$5:$B$154,"<"&DATE(YEAR(A14),MONTH(A14)+1,1)),0)) | F14: =IF(COUNTIFS('Lançamentos'!$D$5:$D$154,"Despesa",'Lançamentos'!$I$5:$I$154,'Parâmetros'!$I$4,'Lançamentos'!$B$5:$B$154,">="&A14,'Lançamentos'!$B$5:$B$154,"<"&DATE(YEAR(A14),MONTH(A14)+1,1))=0,"",IFERROR(SUMIFS('Lançamentos'!$H$5:$H$154,'Lançamentos'!$D$5:$D$154,"Despesa",'Lançamentos'!$I$5:$I$154,'Parâmetros'!$I$4,'Lançamentos'!$B$5:$B$154,">="&A14,'Lançamentos'!$B$5:$B$154,"<"&DATE(YEAR(A14),MONTH(A14)+1,1)),0)) | G14: =IF(AND(E14="",F14=""),"",IF(E14="",0,E14)-IF(F14="",0,F14)) | H14: =IF(OR(D14="",D14=0,G14=""),"",IFERROR((G14-D14)/ABS(D14),"")) | I14: =IF(AND(D14="",G14=""),"Sem movimento",IF(OR(D14="",D14=0),"Conferir base orçada",IF(G14="","Sem realizado",IF(ABS(H14)>'Parâmetros'!$B$5,"Conferir desvio","Dentro do limite"))))
A15: =DATE('Parâmetros'!$B$4,4,1) | B15: =IF(COUNTIFS('Orçamento'!$D$5:$D$154,"Receita",'Orçamento'!$I$5:$I$154,'Parâmetros'!$G$4,'Orçamento'!$B$5:$B$154,">="&A15,'Orçamento'!$B$5:$B$154,"<"&DATE(YEAR(A15),MONTH(A15)+1,1))=0,"",IFERROR(SUMIFS('Orçamento'!$H$5:$H$154,'Orçamento'!$D$5:$D$154,"Receita",'Orçamento'!$I$5:$I$154,'Parâmetros'!$G$4,'Orçamento'!$B$5:$B$154,">="&A15,'Orçamento'!$B$5:$B$154,"<"&DATE(YEAR(A15),MONTH(A15)+1,1)),0)) | C15: =IF(COUNTIFS('Orçamento'!$D$5:$D$154,"Despesa",'Orçamento'!$I$5:$I$154,'Parâmetros'!$G$4,'Orçamento'!$B$5:$B$154,">="&A15,'Orçamento'!$B$5:$B$154,"<"&DATE(YEAR(A15),MONTH(A15)+1,1))=0,"",IFERROR(SUMIFS('Orçamento'!$H$5:$H$154,'Orçamento'!$D$5:$D$154,"Despesa",'Orçamento'!$I$5:$I$154,'Parâmetros'!$G$4,'Orçamento'!$B$5:$B$154,">="&A15,'Orçamento'!$B$5:$B$154,"<"&DATE(YEAR(A15),MONTH(A15)+1,1)),0)) | D15: =IF(AND(B15="",C15=""),"",IF(B15="",0,B15)-IF(C15="",0,C15)) | E15: =IF(COUNTIFS('Lançamentos'!$D$5:$D$154,"Receita",'Lançamentos'!$I$5:$I$154,'Parâmetros'!$I$4,'Lançamentos'!$B$5:$B$154,">="&A15,'Lançamentos'!$B$5:$B$154,"<"&DATE(YEAR(A15),MONTH(A15)+1,1))=0,"",IFERROR(SUMIFS('Lançamentos'!$H$5:$H$154,'Lançamentos'!$D$5:$D$154,"Receita",'Lançamentos'!$I$5:$I$154,'Parâmetros'!$I$4,'Lançamentos'!$B$5:$B$154,">="&A15,'Lançamentos'!$B$5:$B$154,"<"&DATE(YEAR(A15),MONTH(A15)+1,1)),0)) | F15: =IF(COUNTIFS('Lançamentos'!$D$5:$D$154,"Despesa",'Lançamentos'!$I$5:$I$154,'Parâmetros'!$I$4,'Lançamentos'!$B$5:$B$154,">="&A15,'Lançamentos'!$B$5:$B$154,"<"&DATE(YEAR(A15),MONTH(A15)+1,1))=0,"",IFERROR(SUMIFS('Lançamentos'!$H$5:$H$154,'Lançamentos'!$D$5:$D$154,"Despesa",'Lançamentos'!$I$5:$I$154,'Parâmetros'!$I$4,'Lançamentos'!$B$5:$B$154,">="&A15,'Lançamentos'!$B$5:$B$154,"<"&DATE(YEAR(A15),MONTH(A15)+1,1)),0)) | G15: =IF(AND(E15="",F15=""),"",IF(E15="",0,E15)-IF(F15="",0,F15)) | H15: =IF(OR(D15="",D15=0,G15=""),"",IFERROR((G15-D15)/ABS(D15),"")) | I15: =IF(AND(D15="",G15=""),"Sem movimento",IF(OR(D15="",D15=0),"Conferir base orçada",IF(G15="","Sem realizado",IF(ABS(H15)>'Parâmetros'!$B$5,"Conferir desvio","Dentro do limite"))))
A16: =DATE('Parâmetros'!$B$4,5,1) | B16: =IF(COUNTIFS('Orçamento'!$D$5:$D$154,"Receita",'Orçamento'!$I$5:$I$154,'Parâmetros'!$G$4,'Orçamento'!$B$5:$B$154,">="&A16,'Orçamento'!$B$5:$B$154,"<"&DATE(YEAR(A16),MONTH(A16)+1,1))=0,"",IFERROR(SUMIFS('Orçamento'!$H$5:$H$154,'Orçamento'!$D$5:$D$154,"Receita",'Orçamento'!$I$5:$I$154,'Parâmetros'!$G$4,'Orçamento'!$B$5:$B$154,">="&A16,'Orçamento'!$B$5:$B$154,"<"&DATE(YEAR(A16),MONTH(A16)+1,1)),0)) | C16: =IF(COUNTIFS('Orçamento'!$D$5:$D$154,"Despesa",'Orçamento'!$I$5:$I$154,'Parâmetros'!$G$4,'Orçamento'!$B$5:$B$154,">="&A16,'Orçamento'!$B$5:$B$154,"<"&DATE(YEAR(A16),MONTH(A16)+1,1))=0,"",IFERROR(SUMIFS('Orçamento'!$H$5:$H$154,'Orçamento'!$D$5:$D$154,"Despesa",'Orçamento'!$I$5:$I$154,'Parâmetros'!$G$4,'Orçamento'!$B$5:$B$154,">="&A16,'Orçamento'!$B$5:$B$154,"<"&DATE(YEAR(A16),MONTH(A16)+1,1)),0)) | D16: =IF(AND(B16="",C16=""),"",IF(B16="",0,B16)-IF(C16="",0,C16)) | E16: =IF(COUNTIFS('Lançamentos'!$D$5:$D$154,"Receita",'Lançamentos'!$I$5:$I$154,'Parâmetros'!$I$4,'Lançamentos'!$B$5:$B$154,">="&A16,'Lançamentos'!$B$5:$B$154,"<"&DATE(YEAR(A16),MONTH(A16)+1,1))=0,"",IFERROR(SUMIFS('Lançamentos'!$H$5:$H$154,'Lançamentos'!$D$5:$D$154,"Receita",'Lançamentos'!$I$5:$I$154,'Parâmetros'!$I$4,'Lançamentos'!$B$5:$B$154,">="&A16,'Lançamentos'!$B$5:$B$154,"<"&DATE(YEAR(A16),MONTH(A16)+1,1)),0)) | F16: =IF(COUNTIFS('Lançamentos'!$D$5:$D$154,"Despesa",'Lançamentos'!$I$5:$I$154,'Parâmetros'!$I$4,'Lançamentos'!$B$5:$B$154,">="&A16,'Lançamentos'!$B$5:$B$154,"<"&DATE(YEAR(A16),MONTH(A16)+1,1))=0,"",IFERROR(SUMIFS('Lançamentos'!$H$5:$H$154,'Lançamentos'!$D$5:$D$154,"Despesa",'Lançamentos'!$I$5:$I$154,'Parâmetros'!$I$4,'Lançamentos'!$B$5:$B$154,">="&A16,'Lançamentos'!$B$5:$B$154,"<"&DATE(YEAR(A16),MONTH(A16)+1,1)),0)) | G16: =IF(AND(E16="",F16=""),"",IF(E16="",0,E16)-IF(F16="",0,F16)) | H16: =IF(OR(D16="",D16=0,G16=""),"",IFERROR((G16-D16)/ABS(D16),"")) | I16: =IF(AND(D16="",G16=""),"Sem movimento",IF(OR(D16="",D16=0),"Conferir base orçada",IF(G16="","Sem realizado",IF(ABS(H16)>'Parâmetros'!$B$5,"Conferir desvio","Dentro do limite"))))
A17: =DATE('Parâmetros'!$B$4,6,1) | B17: =IF(COUNTIFS('Orçamento'!$D$5:$D$154,"Receita",'Orçamento'!$I$5:$I$154,'Parâmetros'!$G$4,'Orçamento'!$B$5:$B$154,">="&A17,'Orçamento'!$B$5:$B$154,"<"&DATE(YEAR(A17),MONTH(A17)+1,1))=0,"",IFERROR(SUMIFS('Orçamento'!$H$5:$H$154,'Orçamento'!$D$5:$D$154,"Receita",'Orçamento'!$I$5:$I$154,'Parâmetros'!$G$4,'Orçamento'!$B$5:$B$154,">="&A17,'Orçamento'!$B$5:$B$154,"<"&DATE(YEAR(A17),MONTH(A17)+1,1)),0)) | C17: =IF(COUNTIFS('Orçamento'!$D$5:$D$154,"Despesa",'Orçamento'!$I$5:$I$154,'Parâmetros'!$G$4,'Orçamento'!$B$5:$B$154,">="&A17,'Orçamento'!$B$5:$B$154,"<"&DATE(YEAR(A17),MONTH(A17)+1,1))=0,"",IFERROR(SUMIFS('Orçamento'!$H$5:$H$154,'Orçamento'!$D$5:$D$154,"Despesa",'Orçamento'!$I$5:$I$154,'Parâmetros'!$G$4,'Orçamento'!$B$5:$B$154,">="&A17,'Orçamento'!$B$5:$B$154,"<"&DATE(YEAR(A17),MONTH(A17)+1,1)),0)) | D17: =IF(AND(B17="",C17=""),"",IF(B17="",0,B17)-IF(C17="",0,C17)) | E17: =IF(COUNTIFS('Lançamentos'!$D$5:$D$154,"Receita",'Lançamentos'!$I$5:$I$154,'Parâmetros'!$I$4,'Lançamentos'!$B$5:$B$154,">="&A17,'Lançamentos'!$B$5:$B$154,"<"&DATE(YEAR(A17),MONTH(A17)+1,1))=0,"",IFERROR(SUMIFS('Lançamentos'!$H$5:$H$154,'Lançamentos'!$D$5:$D$154,"Receita",'Lançamentos'!$I$5:$I$154,'Parâmetros'!$I$4,'Lançamentos'!$B$5:$B$154,">="&A17,'Lançamentos'!$B$5:$B$154,"<"&DATE(YEAR(A17),MONTH(A17)+1,1)),0)) | F17: =IF(COUNTIFS('Lançamentos'!$D$5:$D$154,"Despesa",'Lançamentos'!$I$5:$I$154,'Parâmetros'!$I$4,'Lançamentos'!$B$5:$B$154,">="&A17,'Lançamentos'!$B$5:$B$154,"<"&DATE(YEAR(A17),MONTH(A17)+1,1))=0,"",IFERROR(SUMIFS('Lançamentos'!$H$5:$H$154,'Lançamentos'!$D$5:$D$154,"Despesa",'Lançamentos'!$I$5:$I$154,'Parâmetros'!$I$4,'Lançamentos'!$B$5:$B$154,">="&A17,'Lançamentos'!$B$5:$B$154,"<"&DATE(YEAR(A17),MONTH(A17)+1,1)),0)) | G17: =IF(AND(E17="",F17=""),"",IF(E17="",0,E17)-IF(F17="",0,F17)) | H17: =IF(OR(D17="",D17=0,G17=""),"",IFERROR((G17-D17)/ABS(D17),"")) | I17: =IF(AND(D17="",G17=""),"Sem movimento",IF(OR(D17="",D17=0),"Conferir base orçada",IF(G17="","Sem realizado",IF(ABS(H17)>'Parâmetros'!$B$5,"Conferir desvio","Dentro do limite"))))
A18: =DATE('Parâmetros'!$B$4,7,1) | B18: =IF(COUNTIFS('Orçamento'!$D$5:$D$154,"Receita",'Orçamento'!$I$5:$I$154,'Parâmetros'!$G$4,'Orçamento'!$B$5:$B$154,">="&A18,'Orçamento'!$B$5:$B$154,"<"&DATE(YEAR(A18),MONTH(A18)+1,1))=0,"",IFERROR(SUMIFS('Orçamento'!$H$5:$H$154,'Orçamento'!$D$5:$D$154,"Receita",'Orçamento'!$I$5:$I$154,'Parâmetros'!$G$4,'Orçamento'!$B$5:$B$154,">="&A18,'Orçamento'!$B$5:$B$154,"<"&DATE(YEAR(A18),MONTH(A18)+1,1)),0)) | C18: =IF(COUNTIFS('Orçamento'!$D$5:$D$154,"Despesa",'Orçamento'!$I$5:$I$154,'Parâmetros'!$G$4,'Orçamento'!$B$5:$B$154,">="&A18,'Orçamento'!$B$5:$B$154,"<"&DATE(YEAR(A18),MONTH(A18)+1,1))=0,"",IFERROR(SUMIFS('Orçamento'!$H$5:$H$154,'Orçamento'!$D$5:$D$154,"Despesa",'Orçamento'!$I$5:$I$154,'Parâmetros'!$G$4,'Orçamento'!$B$5:$B$154,">="&A18,'Orçamento'!$B$5:$B$154,"<"&DATE(YEAR(A18),MONTH(A18)+1,1)),0)) | D18: =IF(AND(B18="",C18=""),"",IF(B18="",0,B18)-IF(C18="",0,C18)) | E18: =IF(COUNTIFS('Lançamentos'!$D$5:$D$154,"Receita",'Lançamentos'!$I$5:$I$154,'Parâmetros'!$I$4,'Lançamentos'!$B$5:$B$154,">="&A18,'Lançamentos'!$B$5:$B$154,"<"&DATE(YEAR(A18),MONTH(A18)+1,1))=0,"",IFERROR(SUMIFS('Lançamentos'!$H$5:$H$154,'Lançamentos'!$D$5:$D$154,"Receita",'Lançamentos'!$I$5:$I$154,'Parâmetros'!$I$4,'Lançamentos'!$B$5:$B$154,">="&A18,'Lançamentos'!$B$5:$B$154,"<"&DATE(YEAR(A18),MONTH(A18)+1,1)),0)) | F18: =IF(COUNTIFS('Lançamentos'!$D$5:$D$154,"Despesa",'Lançamentos'!$I$5:$I$154,'Parâmetros'!$I$4,'Lançamentos'!$B$5:$B$154,">="&A18,'Lançamentos'!$B$5:$B$154,"<"&DATE(YEAR(A18),MONTH(A18)+1,1))=0,"",IFERROR(SUMIFS('Lançamentos'!$H$5:$H$154,'Lançamentos'!$D$5:$D$154,"Despesa",'Lançamentos'!$I$5:$I$154,'Parâmetros'!$I$4,'Lançamentos'!$B$5:$B$154,">="&A18,'Lançamentos'!$B$5:$B$154,"<"&DATE(YEAR(A18),MONTH(A18)+1,1)),0)) | G18: =IF(AND(E18="",F18=""),"",IF(E18="",0,E18)-IF(F18="",0,F18)) | H18: =IF(OR(D18="",D18=0,G18=""),"",IFERROR((G18-D18)/ABS(D18),"")) | I18: =IF(AND(D18="",G18=""),"Sem movimento",IF(OR(D18="",D18=0),"Conferir base orçada",IF(G18="","Sem realizado",IF(ABS(H18)>'Parâmetros'!$B$5,"Conferir desvio","Dentro do limite"))))
A19: =DATE('Parâmetros'!$B$4,8,1) | B19: =IF(COUNTIFS('Orçamento'!$D$5:$D$154,"Receita",'Orçamento'!$I$5:$I$154,'Parâmetros'!$G$4,'Orçamento'!$B$5:$B$154,">="&A19,'Orçamento'!$B$5:$B$154,"<"&DATE(YEAR(A19),MONTH(A19)+1,1))=0,"",IFERROR(SUMIFS('Orçamento'!$H$5:$H$154,'Orçamento'!$D$5:$D$154,"Receita",'Orçamento'!$I$5:$I$154,'Parâmetros'!$G$4,'Orçamento'!$B$5:$B$154,">="&A19,'Orçamento'!$B$5:$B$154,"<"&DATE(YEAR(A19),MONTH(A19)+1,1)),0)) | C19: =IF(COUNTIFS('Orçamento'!$D$5:$D$154,"Despesa",'Orçamento'!$I$5:$I$154,'Parâmetros'!$G$4,'Orçamento'!$B$5:$B$154,">="&A19,'Orçamento'!$B$5:$B$154,"<"&DATE(YEAR(A19),MONTH(A19)+1,1))=0,"",IFERROR(SUMIFS('Orçamento'!$H$5:$H$154,'Orçamento'!$D$5:$D$154,"Despesa",'Orçamento'!$I$5:$I$154,'Parâmetros'!$G$4,'Orçamento'!$B$5:$B$154,">="&A19,'Orçamento'!$B$5:$B$154,"<"&DATE(YEAR(A19),MONTH(A19)+1,1)),0)) | D19: =IF(AND(B19="",C19=""),"",IF(B19="",0,B19)-IF(C19="",0,C19)) | E19: =IF(COUNTIFS('Lançamentos'!$D$5:$D$154,"Receita",'Lançamentos'!$I$5:$I$154,'Parâmetros'!$I$4,'Lançamentos'!$B$5:$B$154,">="&A19,'Lançamentos'!$B$5:$B$154,"<"&DATE(YEAR(A19),MONTH(A19)+1,1))=0,"",IFERROR(SUMIFS('Lançamentos'!$H$5:$H$154,'Lançamentos'!$D$5:$D$154,"Receita",'Lançamentos'!$I$5:$I$154,'Parâmetros'!$I$4,'Lançamentos'!$B$5:$B$154,">="&A19,'Lançamentos'!$B$5:$B$154,"<"&DATE(YEAR(A19),MONTH(A19)+1,1)),0)) | F19: =IF(COUNTIFS('Lançamentos'!$D$5:$D$154,"Despesa",'Lançamentos'!$I$5:$I$154,'Parâmetros'!$I$4,'Lançamentos'!$B$5:$B$154,">="&A19,'Lançamentos'!$B$5:$B$154,"<"&DATE(YEAR(A19),MONTH(A19)+1,1))=0,"",IFERROR(SUMIFS('Lançamentos'!$H$5:$H$154,'Lançamentos'!$D$5:$D$154,"Despesa",'Lançamentos'!$I$5:$I$154,'Parâmetros'!$I$4,'Lançamentos'!$B$5:$B$154,">="&A19,'Lançamentos'!$B$5:$B$154,"<"&DATE(YEAR(A19),MONTH(A19)+1,1)),0)) | G19: =IF(AND(E19="",F19=""),"",IF(E19="",0,E19)-IF(F19="",0,F19)) | H19: =IF(OR(D19="",D19=0,G19=""),"",IFERROR((G19-D19)/ABS(D19),"")) | I19: =IF(AND(D19="",G19=""),"Sem movimento",IF(OR(D19="",D19=0),"Conferir base orçada",IF(G19="","Sem realizado",IF(ABS(H19)>'Parâmetros'!$B$5,"Conferir desvio","Dentro do limite"))))
A20: =DATE('Parâmetros'!$B$4,9,1) | B20: =IF(COUNTIFS('Orçamento'!$D$5:$D$154,"Receita",'Orçamento'!$I$5:$I$154,'Parâmetros'!$G$4,'Orçamento'!$B$5:$B$154,">="&A20,'Orçamento'!$B$5:$B$154,"<"&DATE(YEAR(A20),MONTH(A20)+1,1))=0,"",IFERROR(SUMIFS('Orçamento'!$H$5:$H$154,'Orçamento'!$D$5:$D$154,"Receita",'Orçamento'!$I$5:$I$154,'Parâmetros'!$G$4,'Orçamento'!$B$5:$B$154,">="&A20,'Orçamento'!$B$5:$B$154,"<"&DATE(YEAR(A20),MONTH(A20)+1,1)),0)) | C20: =IF(COUNTIFS('Orçamento'!$D$5:$D$154,"Despesa",'Orçamento'!$I$5:$I$154,'Parâmetros'!$G$4,'Orçamento'!$B$5:$B$154,">="&A20,'Orçamento'!$B$5:$B$154,"<"&DATE(YEAR(A20),MONTH(A20)+1,1))=0,"",IFERROR(SUMIFS('Orçamento'!$H$5:$H$154,'Orçamento'!$D$5:$D$154,"Despesa",'Orçamento'!$I$5:$I$154,'Parâmetros'!$G$4,'Orçamento'!$B$5:$B$154,">="&A20,'Orçamento'!$B$5:$B$154,"<"&DATE(YEAR(A20),MONTH(A20)+1,1)),0)) | D20: =IF(AND(B20="",C20=""),"",IF(B20="",0,B20)-IF(C20="",0,C20)) | E20: =IF(COUNTIFS('Lançamentos'!$D$5:$D$154,"Receita",'Lançamentos'!$I$5:$I$154,'Parâmetros'!$I$4,'Lançamentos'!$B$5:$B$154,">="&A20,'Lançamentos'!$B$5:$B$154,"<"&DATE(YEAR(A20),MONTH(A20)+1,1))=0,"",IFERROR(SUMIFS('Lançamentos'!$H$5:$H$154,'Lançamentos'!$D$5:$D$154,"Receita",'Lançamentos'!$I$5:$I$154,'Parâmetros'!$I$4,'Lançamentos'!$B$5:$B$154,">="&A20,'Lançamentos'!$B$5:$B$154,"<"&DATE(YEAR(A20),MONTH(A20)+1,1)),0)) | F20: =IF(COUNTIFS('Lançamentos'!$D$5:$D$154,"Despesa",'Lançamentos'!$I$5:$I$154,'Parâmetros'!$I$4,'Lançamentos'!$B$5:$B$154,">="&A20,'Lançamentos'!$B$5:$B$154,"<"&DATE(YEAR(A20),MONTH(A20)+1,1))=0,"",IFERROR(SUMIFS('Lançamentos'!$H$5:$H$154,'Lançamentos'!$D$5:$D$154,"Despesa",'Lançamentos'!$I$5:$I$154,'Parâmetros'!$I$4,'Lançamentos'!$B$5:$B$154,">="&A20,'Lançamentos'!$B$5:$B$154,"<"&DATE(YEAR(A20),MONTH(A20)+1,1)),0)) | G20: =IF(AND(E20="",F20=""),"",IF(E20="",0,E20)-IF(F20="",0,F20)) | H20: =IF(OR(D20="",D20=0,G20=""),"",IFERROR((G20-D20)/ABS(D20),"")) | I20: =IF(AND(D20="",G20=""),"Sem movimento",IF(OR(D20="",D20=0),"Conferir base orçada",IF(G20="","Sem realizado",IF(ABS(H20)>'Parâmetros'!$B$5,"Conferir desvio","Dentro do limite"))))
A21: =DATE('Parâmetros'!$B$4,10,1) | B21: =IF(COUNTIFS('Orçamento'!$D$5:$D$154,"Receita",'Orçamento'!$I$5:$I$154,'Parâmetros'!$G$4,'Orçamento'!$B$5:$B$154,">="&A21,'Orçamento'!$B$5:$B$154,"<"&DATE(YEAR(A21),MONTH(A21)+1,1))=0,"",IFERROR(SUMIFS('Orçamento'!$H$5:$H$154,'Orçamento'!$D$5:$D$154,"Receita",'Orçamento'!$I$5:$I$154,'Parâmetros'!$G$4,'Orçamento'!$B$5:$B$154,">="&A21,'Orçamento'!$B$5:$B$154,"<"&DATE(YEAR(A21),MONTH(A21)+1,1)),0)) | C21: =IF(COUNTIFS('Orçamento'!$D$5:$D$154,"Despesa",'Orçamento'!$I$5:$I$154,'Parâmetros'!$G$4,'Orçamento'!$B$5:$B$154,">="&A21,'Orçamento'!$B$5:$B$154,"<"&DATE(YEAR(A21),MONTH(A21)+1,1))=0,"",IFERROR(SUMIFS('Orçamento'!$H$5:$H$154,'Orçamento'!$D$5:$D$154,"Despesa",'Orçamento'!$I$5:$I$154,'Parâmetros'!$G$4,'Orçamento'!$B$5:$B$154,">="&A21,'Orçamento'!$B$5:$B$154,"<"&DATE(YEAR(A21),MONTH(A21)+1,1)),0)) | D21: =IF(AND(B21="",C21=""),"",IF(B21="",0,B21)-IF(C21="",0,C21)) | E21: =IF(COUNTIFS('Lançamentos'!$D$5:$D$154,"Receita",'Lançamentos'!$I$5:$I$154,'Parâmetros'!$I$4,'Lançamentos'!$B$5:$B$154,">="&A21,'Lançamentos'!$B$5:$B$154,"<"&DATE(YEAR(A21),MONTH(A21)+1,1))=0,"",IFERROR(SUMIFS('Lançamentos'!$H$5:$H$154,'Lançamentos'!$D$5:$D$154,"Receita",'Lançamentos'!$I$5:$I$154,'Parâmetros'!$I$4,'Lançamentos'!$B$5:$B$154,">="&A21,'Lançamentos'!$B$5:$B$154,"<"&DATE(YEAR(A21),MONTH(A21)+1,1)),0)) | F21: =IF(COUNTIFS('Lançamentos'!$D$5:$D$154,"Despesa",'Lançamentos'!$I$5:$I$154,'Parâmetros'!$I$4,'Lançamentos'!$B$5:$B$154,">="&A21,'Lançamentos'!$B$5:$B$154,"<"&DATE(YEAR(A21),MONTH(A21)+1,1))=0,"",IFERROR(SUMIFS('Lançamentos'!$H$5:$H$154,'Lançamentos'!$D$5:$D$154,"Despesa",'Lançamentos'!$I$5:$I$154,'Parâmetros'!$I$4,'Lançamentos'!$B$5:$B$154,">="&A21,'Lançamentos'!$B$5:$B$154,"<"&DATE(YEAR(A21),MONTH(A21)+1,1)),0)) | G21: =IF(AND(E21="",F21=""),"",IF(E21="",0,E21)-IF(F21="",0,F21)) | H21: =IF(OR(D21="",D21=0,G21=""),"",IFERROR((G21-D21)/ABS(D21),"")) | I21: =IF(AND(D21="",G21=""),"Sem movimento",IF(OR(D21="",D21=0),"Conferir base orçada",IF(G21="","Sem realizado",IF(ABS(H21)>'Parâmetros'!$B$5,"Conferir desvio","Dentro do limite"))))
A22: =DATE('Parâmetros'!$B$4,11,1) | B22: =IF(COUNTIFS('Orçamento'!$D$5:$D$154,"Receita",'Orçamento'!$I$5:$I$154,'Parâmetros'!$G$4,'Orçamento'!$B$5:$B$154,">="&A22,'Orçamento'!$B$5:$B$154,"<"&DATE(YEAR(A22),MONTH(A22)+1,1))=0,"",IFERROR(SUMIFS('Orçamento'!$H$5:$H$154,'Orçamento'!$D$5:$D$154,"Receita",'Orçamento'!$I$5:$I$154,'Parâmetros'!$G$4,'Orçamento'!$B$5:$B$154,">="&A22,'Orçamento'!$B$5:$B$154,"<"&DATE(YEAR(A22),MONTH(A22)+1,1)),0)) | C22: =IF(COUNTIFS('Orçamento'!$D$5:$D$154,"Despesa",'Orçamento'!$I$5:$I$154,'Parâmetros'!$G$4,'Orçamento'!$B$5:$B$154,">="&A22,'Orçamento'!$B$5:$B$154,"<"&DATE(YEAR(A22),MONTH(A22)+1,1))=0,"",IFERROR(SUMIFS('Orçamento'!$H$5:$H$154,'Orçamento'!$D$5:$D$154,"Despesa",'Orçamento'!$I$5:$I$154,'Parâmetros'!$G$4,'Orçamento'!$B$5:$B$154,">="&A22,'Orçamento'!$B$5:$B$154,"<"&DATE(YEAR(A22),MONTH(A22)+1,1)),0)) | D22: =IF(AND(B22="",C22=""),"",IF(B22="",0,B22)-IF(C22="",0,C22)) | E22: =IF(COUNTIFS('Lançamentos'!$D$5:$D$154,"Receita",'Lançamentos'!$I$5:$I$154,'Parâmetros'!$I$4,'Lançamentos'!$B$5:$B$154,">="&A22,'Lançamentos'!$B$5:$B$154,"<"&DATE(YEAR(A22),MONTH(A22)+1,1))=0,"",IFERROR(SUMIFS('Lançamentos'!$H$5:$H$154,'Lançamentos'!$D$5:$D$154,"Receita",'Lançamentos'!$I$5:$I$154,'Parâmetros'!$I$4,'Lançamentos'!$B$5:$B$154,">="&A22,'Lançamentos'!$B$5:$B$154,"<"&DATE(YEAR(A22),MONTH(A22)+1,1)),0)) | F22: =IF(COUNTIFS('Lançamentos'!$D$5:$D$154,"Despesa",'Lançamentos'!$I$5:$I$154,'Parâmetros'!$I$4,'Lançamentos'!$B$5:$B$154,">="&A22,'Lançamentos'!$B$5:$B$154,"<"&DATE(YEAR(A22),MONTH(A22)+1,1))=0,"",IFERROR(SUMIFS('Lançamentos'!$H$5:$H$154,'Lançamentos'!$D$5:$D$154,"Despesa",'Lançamentos'!$I$5:$I$154,'Parâmetros'!$I$4,'Lançamentos'!$B$5:$B$154,">="&A22,'Lançamentos'!$B$5:$B$154,"<"&DATE(YEAR(A22),MONTH(A22)+1,1)),0)) | G22: =IF(AND(E22="",F22=""),"",IF(E22="",0,E22)-IF(F22="",0,F22)) | H22: =IF(OR(D22="",D22=0,G22=""),"",IFERROR((G22-D22)/ABS(D22),"")) | I22: =IF(AND(D22="",G22=""),"Sem movimento",IF(OR(D22="",D22=0),"Conferir base orçada",IF(G22="","Sem realizado",IF(ABS(H22)>'Parâmetros'!$B$5,"Conferir desvio","Dentro do limite"))))
A23: =DATE('Parâmetros'!$B$4,12,1) | B23: =IF(COUNTIFS('Orçamento'!$D$5:$D$154,"Receita",'Orçamento'!$I$5:$I$154,'Parâmetros'!$G$4,'Orçamento'!$B$5:$B$154,">="&A23,'Orçamento'!$B$5:$B$154,"<"&DATE(YEAR(A23),MONTH(A23)+1,1))=0,"",IFERROR(SUMIFS('Orçamento'!$H$5:$H$154,'Orçamento'!$D$5:$D$154,"Receita",'Orçamento'!$I$5:$I$154,'Parâmetros'!$G$4,'Orçamento'!$B$5:$B$154,">="&A23,'Orçamento'!$B$5:$B$154,"<"&DATE(YEAR(A23),MONTH(A23)+1,1)),0)) | C23: =IF(COUNTIFS('Orçamento'!$D$5:$D$154,"Despesa",'Orçamento'!$I$5:$I$154,'Parâmetros'!$G$4,'Orçamento'!$B$5:$B$154,">="&A23,'Orçamento'!$B$5:$B$154,"<"&DATE(YEAR(A23),MONTH(A23)+1,1))=0,"",IFERROR(SUMIFS('Orçamento'!$H$5:$H$154,'Orçamento'!$D$5:$D$154,"Despesa",'Orçamento'!$I$5:$I$154,'Parâmetros'!$G$4,'Orçamento'!$B$5:$B$154,">="&A23,'Orçamento'!$B$5:$B$154,"<"&DATE(YEAR(A23),MONTH(A23)+1,1)),0)) | D23: =IF(AND(B23="",C23=""),"",IF(B23="",0,B23)-IF(C23="",0,C23)) | E23: =IF(COUNTIFS('Lançamentos'!$D$5:$D$154,"Receita",'Lançamentos'!$I$5:$I$154,'Parâmetros'!$I$4,'Lançamentos'!$B$5:$B$154,">="&A23,'Lançamentos'!$B$5:$B$154,"<"&DATE(YEAR(A23),MONTH(A23)+1,1))=0,"",IFERROR(SUMIFS('Lançamentos'!$H$5:$H$154,'Lançamentos'!$D$5:$D$154,"Receita",'Lançamentos'!$I$5:$I$154,'Parâmetros'!$I$4,'Lançamentos'!$B$5:$B$154,">="&A23,'Lançamentos'!$B$5:$B$154,"<"&DATE(YEAR(A23),MONTH(A23)+1,1)),0)) | F23: =IF(COUNTIFS('Lançamentos'!$D$5:$D$154,"Despesa",'Lançamentos'!$I$5:$I$154,'Parâmetros'!$I$4,'Lançamentos'!$B$5:$B$154,">="&A23,'Lançamentos'!$B$5:$B$154,"<"&DATE(YEAR(A23),MONTH(A23)+1,1))=0,"",IFERROR(SUMIFS('Lançamentos'!$H$5:$H$154,'Lançamentos'!$D$5:$D$154,"Despesa",'Lançamentos'!$I$5:$I$154,'Parâmetros'!$I$4,'Lançamentos'!$B$5:$B$154,">="&A23,'Lançamentos'!$B$5:$B$154,"<"&DATE(YEAR(A23),MONTH(A23)+1,1)),0)) | G23: =IF(AND(E23="",F23=""),"",IF(E23="",0,E23)-IF(F23="",0,F23)) | H23: =IF(OR(D23="",D23=0,G23=""),"",IFERROR((G23-D23)/ABS(D23),"")) | I23: =IF(AND(D23="",G23=""),"Sem movimento",IF(OR(D23="",D23=0),"Conferir base orçada",IF(G23="","Sem realizado",IF(ABS(H23)>'Parâmetros'!$B$5,"Conferir desvio","Dentro do limite"))))
A25: Total anual | B25: =B4 | C25: =E4 | D25: =H4 | E25: =B6 | F25: =E6 | G25: =H6 | H25: =H8 | I25: =IF(AND(D25="",G25=""),"Sem movimento",IF(OR(D25="",D25=0),"Conferir base orçada",IF(G25="","Sem realizado",IF(ABS(H25)>'Parâmetros'!$B$5,"Conferir desvio","Dentro do limite"))))

Sheet Orçamento
A1: Orçamento anual — Espaço Bela Brisa (fictício)
A2: Use o primeiro dia do mês e preencha as entradas em rosa. A coluna Tipo é consultada nos Parâmetros.
A4: ID | B4: Mês | C4: Categoria | D4: Tipo | E4: Descrição | F4: Quantidade | G4: Valor unitário | H4: Total orçado | I4: Estado | J4: Conferência
A5: ORC-001 | B5: 46023 | C5: Corte e finalização | D5: =IF(C5="","",IFERROR(VLOOKUP(C5,'Parâmetros'!$D$4:$E$103,2,FALSE),"")) | E5: Serviços planejados de corte | F5: 120 | G5: 95 | H5: =IF(OR(F5="",G5=""),"",IFERROR(F5*G5,"")) | I5: Ativo | J5: =IF(AND(A5="",B5="",C5="",E5="",F5="",G5="",I5=""),"",IF(A5="","Conferir ID",IF(B5="","Conferir mês",IF(IFERROR(YEAR(B5),0)<>'Parâmetros'!$B$4,"Conferir ano",IF(C5="","Conferir categoria",IF(D5="","Conferir categoria",IF(H5="","Conferir valores",IF(I5="","Conferir estado","OK"))))))))
A6: ORC-002 | B6: 46023 | C6: Produtos e insumos | D6: =IF(C6="","",IFERROR(VLOOKUP(C6,'Parâmetros'!$D$4:$E$103,2,FALSE),"")) | E6: Reposição planejada de insumos | F6: 1 | G6: 4200 | H6: =IF(OR(F6="",G6=""),"",IFERROR(F6*G6,"")) | I6: Ativo | J6: =IF(AND(A6="",B6="",C6="",E6="",F6="",G6="",I6=""),"",IF(A6="","Conferir ID",IF(B6="","Conferir mês",IF(IFERROR(YEAR(B6),0)<>'Parâmetros'!$B$4,"Conferir ano",IF(C6="","Conferir categoria",IF(D6="","Conferir categoria",IF(H6="","Conferir valores",IF(I6="","Conferir estado","OK"))))))))
A7: ORC-003 | B7: 46054 | C7: Coloração | D7: =IF(C7="","",IFERROR(VLOOKUP(C7,'Parâmetros'!$D$4:$E$103,2,FALSE),"")) | E7: Serviços planejados de coloração | F7: 45 | G7: 210 | H7: =IF(OR(F7="",G7=""),"",IFERROR(F7*G7,"")) | I7: Ativo | J7: =IF(AND(A7="",B7="",C7="",E7="",F7="",G7="",I7=""),"",IF(A7="","Conferir ID",IF(B7="","Conferir mês",IF(IFERROR(YEAR(B7),0)<>'Parâmetros'!$B$4,"Conferir ano",IF(C7="","Conferir categoria",IF(D7="","Conferir categoria",IF(H7="","Conferir valores",IF(I7="","Conferir estado","OK"))))))))
A8: ORC-004 | B8: 46054 | C8: Aluguel | D8: =IF(C8="","",IFERROR(VLOOKUP(C8,'Parâmetros'!$D$4:$E$103,2,FALSE),"")) | E8: Custo planejado do espaço | F8: 1 | G8: 5800 | H8: =IF(OR(F8="",G8=""),"",IFERROR(F8*G8,"")) | I8: Ativo | J8: =IF(AND(A8="",B8="",C8="",E8="",F8="",G8="",I8=""),"",IF(A8="","Conferir ID",IF(B8="","Conferir mês",IF(IFERROR(YEAR(B8),0)<>'Parâmetros'!$B$4,"Conferir ano",IF(C8="","Conferir categoria",IF(D8="","Conferir categoria",IF(H8="","Conferir valores",IF(I8="","Conferir estado","OK"))))))))
A9: ORC-005 | B9: 46082 | C9: Manicure e pedicure | D9: =IF(C9="","",IFERROR(VLOOKUP(C9,'Parâmetros'!$D$4:$E$103,2,FALSE),"")) | E9: Atendimentos planejados | F9: 160 | G9: 48 | H9: =IF(OR(F9="",G9=""),"",IFERROR(F9*G9,"")) | I9: Ativo | J9: =IF(AND(A9="",B9="",C9="",E9="",F9="",G9="",I9=""),"",IF(A9="","Conferir ID",IF(B9="","Conferir mês",IF(IFERROR(YEAR(B9),0)<>'Parâmetros'!$B$4,"Conferir ano",IF(C9="","Conferir categoria",IF(D9="","Conferir categoria",IF(H9="","Conferir valores",IF(I9="","Conferir estado","OK"))))))))
A10: ORC-006 | B10: 46082 | C10: Água e energia | D10: =IF(C10="","",IFERROR(VLOOKUP(C10,'Parâmetros'!$D$4:$E$103,2,FALSE),"")) | E10: Consumo planejado | F10: 1 | G10: 1800 | H10: =IF(OR(F10="",G10=""),"",IFERROR(F10*G10,"")) | I10: Ativo | J10: =IF(AND(A10="",B10="",C10="",E10="",F10="",G10="",I10=""),"",IF(A10="","Conferir ID",IF(B10="","Conferir mês",IF(IFERROR(YEAR(B10),0)<>'Parâmetros'!$B$4,"Conferir ano",IF(C10="","Conferir categoria",IF(D10="","Conferir categoria",IF(H10="","Conferir valores",IF(I10="","Conferir estado","OK"))))))))
A11: ORC-007 | B11: 46113 | C11: Estética não clínica | D11: =IF(C11="","",IFERROR(VLOOKUP(C11,'Parâmetros'!$D$4:$E$103,2,FALSE),"")) | E11: Serviços estéticos planejados | F11: 55 | G11: 160 | H11: =IF(OR(F11="",G11=""),"",IFERROR(F11*G11,"")) | I11: Ativo | J11: =IF(AND(A11="",B11="",C11="",E11="",F11="",G11="",I11=""),"",IF(A11="","Conferir ID",IF(B11="","Conferir mês",IF(IFERROR(YEAR(B11),0)<>'Parâmetros'!$B$4,"Conferir ano",IF(C11="","Conferir categoria",IF(D11="","Conferir categoria",IF(H11="","Conferir valores",IF(I11="","Conferir estado","OK"))))))))
A12: ORC-008 | B12: 46113 | C12: Marketing | D12: =IF(C12="","",IFERROR(VLOOKUP(C12,'Parâmetros'!$D$4:$E$103,2,FALSE),"")) | E12: Divulgação planejada | F12: 1 | G12: 1500 | H12: =IF(OR(F12="",G12=""),"",IFERROR(F12*G12,"")) | I12: Ativo | J12: =IF(AND(A12="",B12="",C12="",E12="",F12="",G12="",I12=""),"",IF(A12="","Conferir ID",IF(B12="","Conferir mês",IF(IFERROR(YEAR(B12),0)<>'Parâmetros'!$B$4,"Conferir ano",IF(C12="","Conferir categoria",IF(D12="","Conferir categoria",IF(H12="","Conferir valores",IF(I12="","Conferir estado","OK"))))))))
A13: ORC-009 | B13: 46143 | C13: Venda de produtos | D13: =IF(C13="","",IFERROR(VLOOKUP(C13,'Parâmetros'!$D$4:$E$103,2,FALSE),"")) | E13: Vendas planejadas de produtos | F13: 30 | G13: 85 | H13: =IF(OR(F13="",G13=""),"",IFERROR(F13*G13,"")) | I13: Ativo | J13: =IF(AND(A13="",B13="",C13="",E13="",F13="",G13="",I13=""),"",IF(A13="","Conferir ID",IF(B13="","Conferir mês",IF(IFERROR(YEAR(B13),0)<>'Parâmetros'!$B$4,"Conferir ano",IF(C13="","Conferir categoria",IF(D13="","Conferir categoria",IF(H13="","Conferir valores",IF(I13="","Conferir estado","OK"))))))))
A14: ORC-010 | B14: 46143 | C14: Manutenção | D14: =IF(C14="","",IFERROR(VLOOKUP(C14,'Parâmetros'!$D$4:$E$103,2,FALSE),"")) | E14: Manutenção preventiva planejada | F14: 1 | G14: 1000 | H14: =IF(OR(F14="",G14=""),"",IFERROR(F14*G14,"")) | I14: Revisar | J14: =IF(AND(A14="",B14="",C14="",E14="",F14="",G14="",I14=""),"",IF(A14="","Conferir ID",IF(B14="","Conferir mês",IF(IFERROR(YEAR(B14),0)<>'Parâmetros'!$B$4,"Conferir ano",IF(C14="","Conferir categoria",IF(D14="","Conferir categoria",IF(H14="","Conferir valores",IF(I14="","Conferir estado","OK"))))))))
A15: ORC-011 | B15: 46174 | C15: Pacotes de serviços | D15: =IF(C15="","",IFERROR(VLOOKUP(C15,'Parâmetros'!$D$4:$E$103,2,FALSE),"")) | E15: Pacotes promocionais planejados | F15: 20 | G15: 320 | H15: =IF(OR(F15="",G15=""),"",IFERROR(F15*G15,"")) | I15: Ativo | J15: =IF(AND(A15="",B15="",C15="",E15="",F15="",G15="",I15=""),"",IF(A15="","Conferir ID",IF(B15="","Conferir mês",IF(IFERROR(YEAR(B15),0)<>'Parâmetros'!$B$4,"Conferir ano",IF(C15="","Conferir categoria",IF(D15="","Conferir categoria",IF(H15="","Conferir valores",IF(I15="","Conferir estado","OK"))))))))
A16: ORC-012 | B16: 46174 | C16: Treinamento | D16: =IF(C16="","",IFERROR(VLOOKUP(C16,'Parâmetros'!$D$4:$E$103,2,FALSE),"")) | E16: Capacitação técnica planejada | F16: 1 | G16: 900 | H16: =IF(OR(F16="",G16=""),"",IFERROR(F16*G16,"")) | I16: Ativo | J16: =IF(AND(A16="",B16="",C16="",E16="",F16="",G16="",I16=""),"",IF(A16="","Conferir ID",IF(B16="","Conferir mês",IF(IFERROR(YEAR(B16),0)<>'Parâmetros'!$B$4,"Conferir ano",IF(C16="","Conferir categoria",IF(D16="","Conferir categoria",IF(H16="","Conferir valores",IF(I16="","Conferir estado","OK"))))))))
D17: =IF(C17="","",IFERROR(VLOOKUP(C17,'Parâmetros'!$D$4:$E$103,2,FALSE),"")) | H17: =IF(OR(F17="",G17=""),"",IFERROR(F17*G17,"")) | J17: =IF(AND(A17="",B17="",C17="",E17="",F17="",G17="",I17=""),"",IF(A17="","Conferir ID",IF(B17="","Conferir mês",IF(IFERROR(YEAR(B17),0)<>'Parâmetros'!$B$4,"Conferir ano",IF(C17="","Conferir categoria",IF(D17="","Conferir categoria",IF(H17="","Conferir valores",IF(I17="","Conferir estado","OK"))))))))
D18: =IF(C18="","",IFERROR(VLOOKUP(C18,'Parâmetros'!$D$4:$E$103,2,FALSE),"")) | H18: =IF(OR(F18="",G18=""),"",IFERROR(F18*G18,"")) | J18: =IF(AND(A18="",B18="",C18="",E18="",F18="",G18="",I18=""),"",IF(A18="","Conferir ID",IF(B18="","Conferir mês",IF(IFERROR(YEAR(B18),0)<>'Parâmetros'!$B$4,"Conferir ano",IF(C18="","Conferir categoria",IF(D18="","Conferir categoria",IF(H18="","Conferir valores",IF(I18="","Conferir estado","OK"))))))))
D19: =IF(C19="","",IFERROR(VLOOKUP(C19,'Parâmetros'!$D$4:$E$103,2,FALSE),"")) | H19: =IF(OR(F19="",G19=""),"",IFERROR(F19*G19,"")) | J19: =IF(AND(A19="",B19="",C19="",E19="",F19="",G19="",I19=""),"",IF(A19="","Conferir ID",IF(B19="","Conferir mês",IF(IFERROR(YEAR(B19),0)<>'Parâmetros'!$B$4,"Conferir ano",IF(C19="","Conferir categoria",IF(D19="","Conferir categoria",IF(H19="","Conferir valores",IF(I19="","Conferir estado","OK"))))))))
D20: =IF(C20="","",IFERROR(VLOOKUP(C20,'Parâmetros'!$D$4:$E$103,2,FALSE),"")) | H20: =IF(OR(F20="",G20=""),"",IFERROR(F20*G20,"")) | J20: =IF(AND(A20="",B20="",C20="",E20="",F20="",G20="",I20=""),"",IF(A20="","Conferir ID",IF(B20="","Conferir mês",IF(IFERROR(YEAR(B20),0)<>'Parâmetros'!$B$4,"Conferir ano",IF(C20="","Conferir categoria",IF(D20="","Conferir categoria",IF(H20="","Conferir valores",IF(I20="","Conferir estado","OK"))))))))
D21: =IF(C21="","",IFERROR(VLOOKUP(C21,'Parâmetros'!$D$4:$E$103,2,FALSE),"")) | H21: =IF(OR(F21="",G21=""),"",IFERROR(F21*G21,"")) | J21: =IF(AND(A21="",B21="",C21="",E21="",F21="",G21="",I21=""),"",IF(A21="","Conferir ID",IF(B21="","Conferir mês",IF(IFERROR(YEAR(B21),0)<>'Parâmetros'!$B$4,"Conferir ano",IF(C21="","Conferir categoria",IF(D21="","Conferir categoria",IF(H21="","Conferir valores",IF(I21="","Conferir estado","OK"))))))))
D22: =IF(C22="","",IFERROR(VLOOKUP(C22,'Parâmetros'!$D$4:$E$103,2,FALSE),"")) | H22: =IF(OR(F22="",G22=""),"",IFERROR(F22*G22,"")) | J22: =IF(AND(A22="",B22="",C22="",E22="",F22="",G22="",I22=""),"",IF(A22="","Conferir ID",IF(B22="","Conferir mês",IF(IFERROR(YEAR(B22),0)<>'Parâmetros'!$B$4,"Conferir ano",IF(C22="","Conferir categoria",IF(D22="","Conferir categoria",IF(H22="","Conferir valores",IF(I22="","Conferir estado","OK"))))))))
D23: =IF(C23="","",IFERROR(VLOOKUP(C23,'Parâmetros'!$D$4:$E$103,2,FALSE),"")) | H23: =IF(OR(F23="",G23=""),"",IFERROR(F23*G23,"")) | J23: =IF(AND(A23="",B23="",C23="",E23="",F23="",G23="",I23=""),"",IF(A23="","Conferir ID",IF(B23="","Conferir mês",IF(IFERROR(YEAR(B23),0)<>'Parâmetros'!$B$4,"Conferir ano",IF(C23="","Conferir categoria",IF(D23="","Conferir categoria",IF(H23="","Conferir valores",IF(I23="","Conferir estado","OK"))))))))
D24: =IF(C24="","",IFERROR(VLOOKUP(C24,'Parâmetros'!$D$4:$E$103,2,FALSE),"")) | H24: =IF(OR(F24="",G24=""),"",IFERROR(F24*G24,"")) | J24: =IF(AND(A24="",B24="",C24="",E24="",F24="",G24="",I24=""),"",IF(A24="","Conferir ID",IF(B24="","Conferir mês",IF(IFERROR(YEAR(B24),0)<>'Parâmetros'!$B$4,"Conferir ano",IF(C24="","Conferir categoria",IF(D24="","Conferir categoria",IF(H24="","Conferir valores",IF(I24="","Conferir estado","OK"))))))))
D25: =IF(C25="","",IFERROR(VLOOKUP(C25,'Parâmetros'!$D$4:$E$103,2,FALSE),"")) | H25: =IF(OR(F25="",G25=""),"",IFERROR(F25*G25,"")) | J25: =IF(AND(A25="",B25="",C25="",E25="",F25="",G25="",I25=""),"",IF(A25="","Conferir ID",IF(B25="","Conferir mês",IF(IFERROR(YEAR(B25),0)<>'Parâmetros'!$B$4,"Conferir ano",IF(C25="","Conferir categoria",IF(D25="","Conferir categoria",IF(H25="","Conferir valores",IF(I25="","Conferir estado","OK"))))))))
D26: =IF(C26="","",IFERROR(VLOOKUP(C26,'Parâmetros'!$D$4:$E$103,2,FALSE),"")) | H26: =IF(OR(F26="",G26=""),"",IFERROR(F26*G26,"")) | J26: =IF(AND(A26="",B26="",C26="",E26="",F26="",G26="",I26=""),"",IF(A26="","Conferir ID",IF(B26="","Conferir mês",IF(IFERROR(YEAR(B26),0)<>'Parâmetros'!$B$4,"Conferir ano",IF(C26="","Conferir categoria",IF(D26="","Conferir categoria",IF(H26="","Conferir valores",IF(I26="","Conferir estado","OK"))))))))
D27: =IF(C27="","",IFERROR(VLOOKUP(C27,'Parâmetros'!$D$4:$E$103,2,FALSE),"")) | H27: =IF(OR(F27="",G27=""),"",IFERROR(F27*G27,"")) | J27: =IF(AND(A27="",B27="",C27="",E27="",F27="",G27="",I27=""),"",IF(A27="","Conferir ID",IF(B27="","Conferir mês",IF(IFERROR(YEAR(B27),0)<>'Parâmetros'!$B$4,"Conferir ano",IF(C27="","Conferir categoria",IF(D27="","Conferir categoria",IF(H27="","Conferir valores",IF(I27="","Conferir estado","OK"))))))))
D28: =IF(C28="","",IFERROR(VLOOKUP(C28,'Parâmetros'!$D$4:$E$103,2,FALSE),"")) | H28: =IF(OR(F28="",G28=""),"",IFERROR(F28*G28,"")) | J28: =IF(AND(A28="",B28="",C28="",E28="",F28="",G28="",I28=""),"",IF(A28="","Conferir ID",IF(B28="","Conferir mês",IF(IFERROR(YEAR(B28),0)<>'Parâmetros'!$B$4,"Conferir ano",IF(C28="","Conferir categoria",IF(D28="","Conferir categoria",IF(H28="","Conferir valores",IF(I28="","Conferir estado","OK"))))))))
... D154: =IF(C154="","",IFERROR(VLOOKUP(C154,'Parâmetros'!$D$4:$E$103,2,FALSE),"")) | H154: =IF(OR(F154="",G154=""),"",IFERROR(F154*G154,"")) | J154: =IF(AND(A154="",B154="",C154="",E154="",F154="",G154="",I154=""),"",IF(A154="","Conferir ID",IF(B154="","Conferir mês",IF(IFERROR(YEAR(B154),0)<>'Parâmetros'!$B$4,"Conferir ano",IF(C154="","Conferir categoria",IF(D154="","Conferir categoria",IF(H154="","Conferir valores",IF(I154="","Conferir estado","OK"))))))))

Sheet Lançamentos
A1: Lançamentos realizados — Espaço Bela Brisa (fictício)
A2: Registre receitas e despesas em rosa. Somente lançamentos com estado Realizado entram no resumo.
A4: ID | B4: Data | C4: Categoria | D4: Tipo | E4: Descrição | F4: Quantidade | G4: Valor unitário | H4: Total realizado | I4: Estado | J4: Conferência
A5: LAN-001 | B5: 46027 | C5: Corte e finalização | D5: =IF(C5="","",IFERROR(VLOOKUP(C5,'Parâmetros'!$D$4:$E$103,2,FALSE),"")) | E5: Serviços de corte realizados | F5: 18 | G5: 95 | H5: =IF(OR(F5="",G5=""),"",IFERROR(F5*G5,"")) | I5: Realizado | J5: =IF(AND(A5="",B5="",C5="",E5="",F5="",G5="",I5=""),"",IF(A5="","Conferir ID",IF(B5="","Conferir data",IF(IFERROR(YEAR(B5),0)<>'Parâmetros'!$B$4,"Conferir ano",IF(C5="","Conferir categoria",IF(D5="","Conferir categoria",IF(H5="","Conferir valores",IF(I5="","Conferir estado","OK"))))))))
A6: LAN-002 | B6: 46030 | C6: Produtos e insumos | D6: =IF(C6="","",IFERROR(VLOOKUP(C6,'Parâmetros'!$D$4:$E$103,2,FALSE),"")) | E6: Reposição de insumos | F6: 1 | G6: 3980 | H6: =IF(OR(F6="",G6=""),"",IFERROR(F6*G6,"")) | I6: Realizado | J6: =IF(AND(A6="",B6="",C6="",E6="",F6="",G6="",I6=""),"",IF(A6="","Conferir ID",IF(B6="","Conferir data",IF(IFERROR(YEAR(B6),0)<>'Parâmetros'!$B$4,"Conferir ano",IF(C6="","Conferir categoria",IF(D6="","Conferir categoria",IF(H6="","Conferir valores",IF(I6="","Conferir estado","OK"))))))))
A7: LAN-003 | B7: 46057 | C7: Coloração | D7: =IF(C7="","",IFERROR(VLOOKUP(C7,'Parâmetros'!$D$4:$E$103,2,FALSE),"")) | E7: Serviços de coloração realizados | F7: 10 | G7: 215 | H7: =IF(OR(F7="",G7=""),"",IFERROR(F7*G7,"")) | I7: Realizado | J7: =IF(AND(A7="",B7="",C7="",E7="",F7="",G7="",I7=""),"",IF(A7="","Conferir ID",IF(B7="","Conferir data",IF(IFERROR(YEAR(B7),0)<>'Parâmetros'!$B$4,"Conferir ano",IF(C7="","Conferir categoria",IF(D7="","Conferir categoria",IF(H7="","Conferir valores",IF(I7="","Conferir estado","OK"))))))))
A8: LAN-004 | B8: 46063 | C8: Aluguel | D8: =IF(C8="","",IFERROR(VLOOKUP(C8,'Parâmetros'!$D$4:$E$103,2,FALSE),"")) | E8: Custo mensal do espaço | F8: 1 | G8: 5800 | H8: =IF(OR(F8="",G8=""),"",IFERROR(F8*G8,"")) | I8: Realizado | J8: =IF(AND(A8="",B8="",C8="",E8="",F8="",G8="",I8=""),"",IF(A8="","Conferir ID",IF(B8="","Conferir data",IF(IFERROR(YEAR(B8),0)<>'Parâmetros'!$B$4,"Conferir ano",IF(C8="","Conferir categoria",IF(D8="","Conferir categoria",IF(H8="","Conferir valores",IF(I8="","Conferir estado","OK"))))))))
A9: LAN-005 | B9: 46093 | C9: Manicure e pedicure | D9: =IF(C9="","",IFERROR(VLOOKUP(C9,'Parâmetros'!$D$4:$E$103,2,FALSE),"")) | E9: Atendimentos realizados | F9: 42 | G9: 50 | H9: =IF(OR(F9="",G9=""),"",IFERROR(F9*G9,"")) | I9: Realizado | J9: =IF(AND(A9="",B9="",C9="",E9="",F9="",G9="",I9=""),"",IF(A9="","Conferir ID",IF(B9="","Conferir data",IF(IFERROR(YEAR(B9),0)<>'Parâmetros'!$B$4,"Conferir ano",IF(C9="","Conferir categoria",IF(D9="","Conferir categoria",IF(H9="","Conferir valores",IF(I9="","Conferir estado","OK"))))))))
A10: LAN-006 | B10: 46099 | C10: Água e energia | D10: =IF(C10="","",IFERROR(VLOOKUP(C10,'Parâmetros'!$D$4:$E$103,2,FALSE),"")) | E10: Consumo do período | F10: 1 | G10: 1950 | H10: =IF(OR(F10="",G10=""),"",IFERROR(F10*G10,"")) | I10: Realizado | J10: =IF(AND(A10="",B10="",C10="",E10="",F10="",G10="",I10=""),"",IF(A10="","Conferir ID",IF(B10="","Conferir data",IF(IFERROR(YEAR(B10),0)<>'Parâmetros'!$B$4,"Conferir ano",IF(C10="","Conferir categoria",IF(D10="","Conferir categoria",IF(H10="","Conferir valores",IF(I10="","Conferir estado","OK"))))))))
A11: LAN-007 | B11: 46121 | C11: Estética não clínica | D11: =IF(C11="","",IFERROR(VLOOKUP(C11,'Parâmetros'!$D$4:$E$103,2,FALSE),"")) | E11: Serviços estéticos realizados | F11: 13 | G11: 165 | H11: =IF(OR(F11="",G11=""),"",IFERROR(F11*G11,"")) | I11: Realizado | J11: =IF(AND(A11="",B11="",C11="",E11="",F11="",G11="",I11=""),"",IF(A11="","Conferir ID",IF(B11="","Conferir data",IF(IFERROR(YEAR(B11),0)<>'Parâmetros'!$B$4,"Conferir ano",IF(C11="","Conferir categoria",IF(D11="","Conferir categoria",IF(H11="","Conferir valores",IF(I11="","Conferir estado","OK"))))))))
A12: LAN-008 | B12: 46128 | C12: Marketing | D12: =IF(C12="","",IFERROR(VLOOKUP(C12,'Parâmetros'!$D$4:$E$103,2,FALSE),"")) | E12: Divulgação do período | F12: 1 | G12: 1700 | H12: =IF(OR(F12="",G12=""),"",IFERROR(F12*G12,"")) | I12: Pendente | J12: =IF(AND(A12="",B12="",C12="",E12="",F12="",G12="",I12=""),"",IF(A12="","Conferir ID",IF(B12="","Conferir data",IF(IFERROR(YEAR(B12),0)<>'Parâmetros'!$B$4,"Conferir ano",IF(C12="","Conferir categoria",IF(D12="","Conferir categoria",IF(H12="","Conferir valores",IF(I12="","Conferir estado","OK"))))))))
A13: LAN-009 | B13: 46149 | C13: Venda de produtos | D13: =IF(C13="","",IFERROR(VLOOKUP(C13,'Parâmetros'!$D$4:$E$103,2,FALSE),"")) | E13: Venda de produtos de beleza | F13: 9 | G13: 88 | H13: =IF(OR(F13="",G13=""),"",IFERROR(F13*G13,"")) | I13: Realizado | J13: =IF(AND(A13="",B13="",C13="",E13="",F13="",G13="",I13=""),"",IF(A13="","Conferir ID",IF(B13="","Conferir data",IF(IFERROR(YEAR(B13),0)<>'Parâmetros'!$B$4,"Conferir ano",IF(C13="","Conferir categoria",IF(D13="","Conferir categoria",IF(H13="","Conferir valores",IF(I13="","Conferir estado","OK"))))))))
A14: LAN-010 | B14: 46162 | C14: Manutenção | D14: =IF(C14="","",IFERROR(VLOOKUP(C14,'Parâmetros'!$D$4:$E$103,2,FALSE),"")) | E14: Manutenção de equipamentos | F14: 1 | G14: 1300 | H14: =IF(OR(F14="",G14=""),"",IFERROR(F14*G14,"")) | I14: Realizado | J14: =IF(AND(A14="",B14="",C14="",E14="",F14="",G14="",I14=""),"",IF(A14="","Conferir ID",IF(B14="","Conferir data",IF(IFERROR(YEAR(B14),0)<>'Parâmetros'!$B$4,"Conferir ano",IF(C14="","Conferir categoria",IF(D14="","Conferir categoria",IF(H14="","Conferir valores",IF(I14="","Conferir estado","OK"))))))))
A15: LAN-011 | B15: 46184 | C15: Pacotes de serviços | D15: =IF(C15="","",IFERROR(VLOOKUP(C15,'Parâmetros'!$D$4:$E$103,2,FALSE),"")) | E15: Pacotes de serviços vendidos | F15: 5 | G15: 330 | H15: =IF(OR(F15="",G15=""),"",IFERROR(F15*G15,"")) | I15: Realizado | J15: =IF(AND(A15="",B15="",C15="",E15="",F15="",G15="",I15=""),"",IF(A15="","Conferir ID",IF(B15="","Conferir data",IF(IFERROR(YEAR(B15),0)<>'Parâmetros'!$B$4,"Conferir ano",IF(C15="","Conferir categoria",IF(D15="","Conferir categoria",IF(H15="","Conferir valores",IF(I15="","Conferir estado","OK"))))))))
A16: LAN-012 | B16: 46196 | C16: Treinamento | D16: =IF(C16="","",IFERROR(VLOOKUP(C16,'Parâmetros'!$D$4:$E$103,2,FALSE),"")) | E16: Capacitação interna cancelada | F16: 1 | G16: 800 | H16: =IF(OR(F16="",G16=""),"",IFERROR(F16*G16,"")) | I16: Cancelado | J16: =IF(AND(A16="",B16="",C16="",E16="",F16="",G16="",I16=""),"",IF(A16="","Conferir ID",IF(B16="","Conferir data",IF(IFERROR(YEAR(B16),0)<>'Parâmetros'!$B$4,"Conferir ano",IF(C16="","Conferir categoria",IF(D16="","Conferir categoria",IF(H16="","Conferir valores",IF(I16="","Conferir estado","OK"))))))))
D17: =IF(C17="","",IFERROR(VLOOKUP(C17,'Parâmetros'!$D$4:$E$103,2,FALSE),"")) | H17: =IF(OR(F17="",G17=""),"",IFERROR(F17*G17,"")) | J17: =IF(AND(A17="",B17="",C17="",E17="",F17="",G17="",I17=""),"",IF(A17="","Conferir ID",IF(B17="","Conferir data",IF(IFERROR(YEAR(B17),0)<>'Parâmetros'!$B$4,"Conferir ano",IF(C17="","Conferir categoria",IF(D17="","Conferir categoria",IF(H17="","Conferir valores",IF(I17="","Conferir estado","OK"))))))))
D18: =IF(C18="","",IFERROR(VLOOKUP(C18,'Parâmetros'!$D$4:$E$103,2,FALSE),"")) | H18: =IF(OR(F18="",G18=""),"",IFERROR(F18*G18,"")) | J18: =IF(AND(A18="",B18="",C18="",E18="",F18="",G18="",I18=""),"",IF(A18="","Conferir ID",IF(B18="","Conferir data",IF(IFERROR(YEAR(B18),0)<>'Parâmetros'!$B$4,"Conferir ano",IF(C18="","Conferir categoria",IF(D18="","Conferir categoria",IF(H18="","Conferir valores",IF(I18="","Conferir estado","OK"))))))))
D19: =IF(C19="","",IFERROR(VLOOKUP(C19,'Parâmetros'!$D$4:$E$103,2,FALSE),"")) | H19: =IF(OR(F19="",G19=""),"",IFERROR(F19*G19,"")) | J19: =IF(AND(A19="",B19="",C19="",E19="",F19="",G19="",I19=""),"",IF(A19="","Conferir ID",IF(B19="","Conferir data",IF(IFERROR(YEAR(B19),0)<>'Parâmetros'!$B$4,"Conferir ano",IF(C19="","Conferir categoria",IF(D19="","Conferir categoria",IF(H19="","Conferir valores",IF(I19="","Conferir estado","OK"))))))))
D20: =IF(C20="","",IFERROR(VLOOKUP(C20,'Parâmetros'!$D$4:$E$103,2,FALSE),"")) | H20: =IF(OR(F20="",G20=""),"",IFERROR(F20*G20,"")) | J20: =IF(AND(A20="",B20="",C20="",E20="",F20="",G20="",I20=""),"",IF(A20="","Conferir ID",IF(B20="","Conferir data",IF(IFERROR(YEAR(B20),0)<>'Parâmetros'!$B$4,"Conferir ano",IF(C20="","Conferir categoria",IF(D20="","Conferir categoria",IF(H20="","Conferir valores",IF(I20="","Conferir estado","OK"))))))))
D21: =IF(C21="","",IFERROR(VLOOKUP(C21,'Parâmetros'!$D$4:$E$103,2,FALSE),"")) | H21: =IF(OR(F21="",G21=""),"",IFERROR(F21*G21,"")) | J21: =IF(AND(A21="",B21="",C21="",E21="",F21="",G21="",I21=""),"",IF(A21="","Conferir ID",IF(B21="","Conferir data",IF(IFERROR(YEAR(B21),0)<>'Parâmetros'!$B$4,"Conferir ano",IF(C21="","Conferir categoria",IF(D21="","Conferir categoria",IF(H21="","Conferir valores",IF(I21="","Conferir estado","OK"))))))))
D22: =IF(C22="","",IFERROR(VLOOKUP(C22,'Parâmetros'!$D$4:$E$103,2,FALSE),"")) | H22: =IF(OR(F22="",G22=""),"",IFERROR(F22*G22,"")) | J22: =IF(AND(A22="",B22="",C22="",E22="",F22="",G22="",I22=""),"",IF(A22="","Conferir ID",IF(B22="","Conferir data",IF(IFERROR(YEAR(B22),0)<>'Parâmetros'!$B$4,"Conferir ano",IF(C22="","Conferir categoria",IF(D22="","Conferir categoria",IF(H22="","Conferir valores",IF(I22="","Conferir estado","OK"))))))))
D23: =IF(C23="","",IFERROR(VLOOKUP(C23,'Parâmetros'!$D$4:$E$103,2,FALSE),"")) | H23: =IF(OR(F23="",G23=""),"",IFERROR(F23*G23,"")) | J23: =IF(AND(A23="",B23="",C23="",E23="",F23="",G23="",I23=""),"",IF(A23="","Conferir ID",IF(B23="","Conferir data",IF(IFERROR(YEAR(B23),0)<>'Parâmetros'!$B$4,"Conferir ano",IF(C23="","Conferir categoria",IF(D23="","Conferir categoria",IF(H23="","Conferir valores",IF(I23="","Conferir estado","OK"))))))))
D24: =IF(C24="","",IFERROR(VLOOKUP(C24,'Parâmetros'!$D$4:$E$103,2,FALSE),"")) | H24: =IF(OR(F24="",G24=""),"",IFERROR(F24*G24,"")) | J24: =IF(AND(A24="",B24="",C24="",E24="",F24="",G24="",I24=""),"",IF(A24="","Conferir ID",IF(B24="","Conferir data",IF(IFERROR(YEAR(B24),0)<>'Parâmetros'!$B$4,"Conferir ano",IF(C24="","Conferir categoria",IF(D24="","Conferir categoria",IF(H24="","Conferir valores",IF(I24="","Conferir estado","OK"))))))))
D25: =IF(C25="","",IFERROR(VLOOKUP(C25,'Parâmetros'!$D$4:$E$103,2,FALSE),"")) | H25: =IF(OR(F25="",G25=""),"",IFERROR(F25*G25,"")) | J25: =IF(AND(A25="",B25="",C25="",E25="",F25="",G25="",I25=""),"",IF(A25="","Conferir ID",IF(B25="","Conferir data",IF(IFERROR(YEAR(B25),0)<>'Parâmetros'!$B$4,"Conferir ano",IF(C25="","Conferir categoria",IF(D25="","Conferir categoria",IF(H25="","Conferir valores",IF(I25="","Conferir estado","OK"))))))))
D26: =IF(C26="","",IFERROR(VLOOKUP(C26,'Parâmetros'!$D$4:$E$103,2,FALSE),"")) | H26: =IF(OR(F26="",G26=""),"",IFERROR(F26*G26,"")) | J26: =IF(AND(A26="",B26="",C26="",E26="",F26="",G26="",I26=""),"",IF(A26="","Conferir ID",IF(B26="","Conferir data",IF(IFERROR(YEAR(B26),0)<>'Parâmetros'!$B$4,"Conferir ano",IF(C26="","Conferir categoria",IF(D26="","Conferir categoria",IF(H26="","Conferir valores",IF(I26="","Conferir estado","OK"))))))))
D27: =IF(C27="","",IFERROR(VLOOKUP(C27,'Parâmetros'!$D$4:$E$103,2,FALSE),"")) | H27: =IF(OR(F27="",G27=""),"",IFERROR(F27*G27,"")) | J27: =IF(AND(A27="",B27="",C27="",E27="",F27="",G27="",I27=""),"",IF(A27="","Conferir ID",IF(B27="","Conferir data",IF(IFERROR(YEAR(B27),0)<>'Parâmetros'!$B$4,"Conferir ano",IF(C27="","Conferir categoria",IF(D27="","Conferir categoria",IF(H27="","Conferir valores",IF(I27="","Conferir estado","OK"))))))))
D28: =IF(C28="","",IFERROR(VLOOKUP(C28,'Parâmetros'!$D$4:$E$103,2,FALSE),"")) | H28: =IF(OR(F28="",G28=""),"",IFERROR(F28*G28,"")) | J28: =IF(AND(A28="",B28="",C28="",E28="",F28="",G28="",I28=""),"",IF(A28="","Conferir ID",IF(B28="","Conferir data",IF(IFERROR(YEAR(B28),0)<>'Parâmetros'!$B$4,"Conferir ano",IF(C28="","Conferir categoria",IF(D28="","Conferir categoria",IF(H28="","Conferir valores",IF(I28="","Conferir estado","OK"))))))))
... D154: =IF(C154="","",IFERROR(VLOOKUP(C154,'Parâmetros'!$D$4:$E$103,2,FALSE),"")) | H154: =IF(OR(F154="",G154=""),"",IFERROR(F154*G154,"")) | J154: =IF(AND(A154="",B154="",C154="",E154="",F154="",G154="",I154=""),"",IF(A154="","Conferir ID",IF(B154="","Conferir data",IF(IFERROR(YEAR(B154),0)<>'Parâmetros'!$B$4,"Conferir ano",IF(C154="","Conferir categoria",IF(D154="","Conferir categoria",IF(H154="","Conferir valores",IF(I154="","Conferir estado","OK"))))))))

Sheet Parâmetros
A1: Parâmetros do orçamento anual
A2: Edite as premissas e listas em rosa. Todos os dados apresentados são fictícios.
A3: Premissa | B3: Valor | D3: Categoria | E3: Tipo | F3: Conferência | G3: Estados do orçamento | I3: Estados dos lançamentos
A4: Ano do orçamento | B4: 2026 | D4: Corte e finalização | E4: Receita | F4: =IF(D4="","",IF(COUNTIF($D$4:$D$103,D4)>1,"Conferir duplicidade",IF(E4="","Conferir tipo","OK"))) | G4: Ativo | I4: Realizado
A5: Limite de alerta para desvio | B5: 0.1 | D5: Coloração | E5: Receita | F5: =IF(D5="","",IF(COUNTIF($D$4:$D$103,D5)>1,"Conferir duplicidade",IF(E5="","Conferir tipo","OK"))) | G5: Revisar | I5: Pendente
D6: Manicure e pedicure | E6: Receita | F6: =IF(D6="","",IF(COUNTIF($D$4:$D$103,D6)>1,"Conferir duplicidade",IF(E6="","Conferir tipo","OK"))) | G6: Inativo | I6: Cancelado
D7: Estética não clínica | E7: Receita | F7: =IF(D7="","",IF(COUNTIF($D$4:$D$103,D7)>1,"Conferir duplicidade",IF(E7="","Conferir tipo","OK")))
D8: Venda de produtos | E8: Receita | F8: =IF(D8="","",IF(COUNTIF($D$4:$D$103,D8)>1,"Conferir duplicidade",IF(E8="","Conferir tipo","OK")))
D9: Pacotes de serviços | E9: Receita | F9: =IF(D9="","",IF(COUNTIF($D$4:$D$103,D9)>1,"Conferir duplicidade",IF(E9="","Conferir tipo","OK")))
D10: Aluguel | E10: Despesa | F10: =IF(D10="","",IF(COUNTIF($D$4:$D$103,D10)>1,"Conferir duplicidade",IF(E10="","Conferir tipo","OK")))
D11: Produtos e insumos | E11: Despesa | F11: =IF(D11="","",IF(COUNTIF($D$4:$D$103,D11)>1,"Conferir duplicidade",IF(E11="","Conferir tipo","OK")))
D12: Água e energia | E12: Despesa | F12: =IF(D12="","",IF(COUNTIF($D$4:$D$103,D12)>1,"Conferir duplicidade",IF(E12="","Conferir tipo","OK")))
D13: Marketing | E13: Despesa | F13: =IF(D13="","",IF(COUNTIF($D$4:$D$103,D13)>1,"Conferir duplicidade",IF(E13="","Conferir tipo","OK")))
D14: Manutenção | E14: Despesa | F14: =IF(D14="","",IF(COUNTIF($D$4:$D$103,D14)>1,"Conferir duplicidade",IF(E14="","Conferir tipo","OK")))
D15: Treinamento | E15: Despesa | F15: =IF(D15="","",IF(COUNTIF($D$4:$D$103,D15)>1,"Conferir duplicidade",IF(E15="","Conferir tipo","OK")))
F16: =IF(D16="","",IF(COUNTIF($D$4:$D$103,D16)>1,"Conferir duplicidade",IF(E16="","Conferir tipo","OK")))
F17: =IF(D17="","",IF(COUNTIF($D$4:$D$103,D17)>1,"Conferir duplicidade",IF(E17="","Conferir tipo","OK")))
F18: =IF(D18="","",IF(COUNTIF($D$4:$D$103,D18)>1,"Conferir duplicidade",IF(E18="","Conferir tipo","OK")))
F19: =IF(D19="","",IF(COUNTIF($D$4:$D$103,D19)>1,"Conferir duplicidade",IF(E19="","Conferir tipo","OK")))
F20: =IF(D20="","",IF(COUNTIF($D$4:$D$103,D20)>1,"Conferir duplicidade",IF(E20="","Conferir tipo","OK")))
F21: =IF(D21="","",IF(COUNTIF($D$4:$D$103,D21)>1,"Conferir duplicidade",IF(E21="","Conferir tipo","OK")))
F22: =IF(D22="","",IF(COUNTIF($D$4:$D$103,D22)>1,"Conferir duplicidade",IF(E22="","Conferir tipo","OK")))
F23: =IF(D23="","",IF(COUNTIF($D$4:$D$103,D23)>1,"Conferir duplicidade",IF(E23="","Conferir tipo","OK")))
F24: =IF(D24="","",IF(COUNTIF($D$4:$D$103,D24)>1,"Conferir duplicidade",IF(E24="","Conferir tipo","OK")))
F25: =IF(D25="","",IF(COUNTIF($D$4:$D$103,D25)>1,"Conferir duplicidade",IF(E25="","Conferir tipo","OK")))
F26: =IF(D26="","",IF(COUNTIF($D$4:$D$103,D26)>1,"Conferir duplicidade",IF(E26="","Conferir tipo","OK")))
F27: =IF(D27="","",IF(COUNTIF($D$4:$D$103,D27)>1,"Conferir duplicidade",IF(E27="","Conferir tipo","OK")))
... F103: =IF(D103="","",IF(COUNTIF($D$4:$D$103,D103)>1,"Conferir duplicidade",IF(E103="","Conferir tipo","OK")))
